 Dungeon Crawl Stone Soup version 0.26.1-11-gd32895ea62 (webtiles) character file.

Game seed: 2832773808603986115

204 Zeld the Chopper (level 5, -1/45 HPs)
             Began as a Minotaur Berserker on May 25, 2021.
             Was a Believer of Trog (penitent).
             Killed from afar by Natasha (5 damage)
             ... with a magic dart
             ... on level 3 of the Dungeon.
             The game lasted 00:03:02 (3355 turns).

Zeld the Chopper (Minotaur Berserker)               Turns: 3355, Time: 00:03:03

Health: -1/45      AC:  0    Str: 22    XL:     5   Next: 52%
Magic:  4/4        EV: 12    Int:  4    God:    Trog [*]
Gold:   160        SH:  0    Dex: 10    Spells: 4/4 levels left

rFire    . . .     SeeInvis .   a - +0 hand axe
rCold    . . .     Faith    .   (no shield)
rNeg     . . .     Spirit   .   (no armour)
rPois    .         Reflect  .   (helmet restricted)
rElec    .         Harm     .   (no cloak)
rCorr    .         Rampage  .   (no gloves)
Will     .....                  (no boots)
Stlth    +.........             (no amulet)
HPRegen  0.15/turn              (no ring)
MPRegen  0.09/turn              (no ring)

@: lethally poisoned (-1 -> -5)
A: retaliatory headbutt, horns 2
a: Renounce Religion


You were on level 3 of the Dungeon.
You worshipped Trog.
Trog was demanding penance.
You visited 1 branch of the dungeon, and saw 3 of its levels.

You collected 160 gold pieces.

Inventory:

Hand Weapons
 a - a +0 hand axe (weapon)
Jewellery
 c - a cursed amulet of inaccuracy {unknown}
 k - an uncursed ring of ice {unknown}
Scrolls
 d - 2 scrolls of identify {unknown}
 f - 2 scrolls of enchant weapon {unknown}
 h - 3 scrolls of blinking {unknown}
Potions
 b - 2 potions of brilliance {unknown}
 e - a potion of cancellation {unknown}
 g - 2 potions of attraction {unknown}
 i - 2 potions of curing {unknown}
 j - a potion of lignification {unknown}


   Skills:
 - Level 3.6 Fighting
 * Level 7.6 Axes
 - Level 2.4 Armour
 - Level 2.1 Dodging


You had 4 spell levels left.
You didn't know any spells.
Your spell library contained the following spells:

 Spells                   Type           Power        Failure   Level
 Confusing Touch          Hex            0%           86%         3
 Gell's Gravitas          Tloc           0%           86%         3
 Petrify                  Tmut/Erth      0%           99%         4
 Metabolic Englaciation   Hex/Ice        0%           100%        5
 Yara's Violent Unravell  Hex/Tmut       0%           100%        5


Dungeon Overview and Level Annotations

Branches:
Dungeon (3/15)

Altars:
Kikubaaqudgha

Annotations:
D:3 Natasha


Innate Abilities, Weirdness & Mutations

You reflexively headbutt those who attack you in melee.
You have a pair of horns on your head.


Message History

* * * LOW HITPOINT WARNING * * *
You closely miss Natasha.
Natasha is heavily wounded.
You barely miss the adder. Natasha completely misses you. The adder bites you.
* * * LOW HITPOINT WARNING * * *
You closely miss Natasha. Your headbutt misses Natasha.
Natasha is heavily wounded.
You hit the adder. Natasha completely misses you. The adder bites you.
* * * LOW HITPOINT WARNING * * *
You hit Natasha. You headbutt Natasha.
Natasha is severely wounded.
You hit the adder.
A goblin comes into view.
The adder bites you.
* * * LOW HITPOINT WARNING * * *
You are lethally poisoned!
The adder poisons you! Natasha casts a spell at you. The magic dart hits you.
You die...

###### #....#
#####.##.#### #
#.....##....#
...#######.#########.#
#....)...(# #.#
#....h@.(.# #######.##
.......S.)............#
##........##########.)##
........?... ...........
#####...#....#######..##
#.#......# #..##
..........# #....
##g###.###.### ##...
#.... ##....


You could see Natasha, an adder and a goblin (wandering).

Vanquished Creatures
  An ice beast (D:3)
  7 adders
  A leopard gecko (D:3)
  2 orcs (D:3)
  A ball python (D:2)
  6 bats
  4 giant cockroaches
  8 goblins
  8 hobgoblins
  4 frilled lizards
  5 kobolds
  5 rats
52 creatures vanquished.

Notes
Turn   | Place    | Note
-------+----------+-------------------------------------------
     0 | D:1      | Zeld the Minotaur Berserker began the quest for the Orb.
     0 | D:1      | Reached XP level 1. HP: 19/19 MP: 0/0
   178 | D:1      | Reached skill level 4 in Axes
   243 | D:1      | Reached XP level 2. HP: 3/26 MP: 1/1
  1312 | D:2      | Found an ancient bone altar of Kikubaaqudgha.
  1315 | D:2      | Reached skill level 5 in Axes
  1592 | D:2      | Reached XP level 3. HP: 31/31 MP: 2/2
  2453 | D:2      | Found a faded altar of an unknown god.
  2514 | D:2      | Reached ** piety under Trog
  2583 | D:2      | Reached skill level 6 in Axes
  2583 | D:2      | Reached XP level 4. HP: 39/39 MP: 3/3
  3065 | D:3      | Was placed under penance by Trog
  3142 | D:3      | Noticed an ice beast
  3150 | D:3      | Killed an ice beast
  3151 | D:3      | Reached skill level 7 in Axes
  3151 | D:3      | Reached XP level 5. HP: 33/45 MP: 4/4
  3342 | D:3      | Noticed Natasha
  3355 | D:3      | Killed from afar by Natasha

Illustrated notes

Levels and vault maps discovered:
D:1:      dpeg_arrival_rhombus, layout_rooms, minmay_pentomino_r4
D:2:      layout_basic, kiku_gazebo_pond_becter,
          chequers_ecumenical_altar_simple_redux
D:3:      layout_basic, regret_index_temple_of_mockery, lemuel_doored_altar,
          uniq_natasha, uniq_robin, uniq_jessica

Skill      XL: |  1  2  3  4 |
---------------+-------------+-----
Axes           | 4 5 6 7 |  7.6
Fighting       | |  3.6
Armour         | |  2.4
Dodging        | |  2.1

Action                   |  1- 3 |  4- 6 || total
-------------------------+-------+-------++-------
Melee: Hand axe          |    66 |    52 ||   118
       Headbutt          |    11 |     9 ||    20
Invok: Berserk           |     1 |       ||     1
 Stab: Sleeping          |       |     1 ||     1
Dodge: Dodged            |    35 |    43 ||    78
